 Seeded DCSS version 0.30-a0-937-ga0a21ad780 (webtiles) character file.

Game seed: 3125986916090331667 (custom seed)

3 Parcival the Trooper (level 1, 14/14 HPs)
             Began as a Minotaur Fighter on Mar 24, 2023.
             Quit the game on level 1 of the Dungeon.
             The game lasted 00:02:19 (6213 turns).

Parcival the Trooper (Minotaur Fighter)             Turns: 6213, Time: 00:02:20

Health: 14/14      AC:  6    Str: 20    XL:     1   Next: 41%
Magic:  0/0        EV:  9    Int:  5    God:
Gold:   0          SH:  4    Dex:  9    Spells: 0/0 levels left

rFire   . . .      SeeInvis .    e - +1 broad axe (vamp)
rCold   . . .      Faith    .    c - +0 buckler
rNeg    . . .      Spirit   .    b - +0 scale mail
rPois   .          Reflect  .    (helmet restricted)
rElec   .          Rampage  .    (no cloak)
rCorr   .                        (no gloves)
Will    .....                    (no boots) Stlth
                                 (no amulet)
HPRegen 0.22/turn                (no ring)
MPRegen 0.07/turn                (no ring)

@: bezotted
A: horns 2, retaliatory headbutt
a: no special abilities


You were on level 1 of the Dungeon.
You visited 1 branch of the dungeon, and saw 1 of its levels.

Inventory:

Hand Weapons
 a - a +0 war axe
 e - a +1 vampiric broad axe (weapon)
Armour
 b - a +0 scale mail (worn)
 c - a +0 buckler (worn)
Potions
 d - a potion of might


   Skills:
 + Level 3.8 Fighting
 + Level 2.5 Axes
 + Level 3.6 Armour
 + Level 3.6 Shields


You couldn't memorise any spells.
You didn't know any spells.
Your spell library was empty.

Dungeon Overview and Level Annotations

Branches:
Dungeon (1/15) Zot: 788

Altars:


Innate Abilities, Weirdness & Mutations

You have a pair of horns on your head.
You reflexively headbutt those who attack you in melee.


Message History

[Y]es or [N]o only, please.
Really rest while Zot is near? [Y]es or [N]o only, please.
Really rest while Zot is near? [Y]es or [N]o only, please.
Really rest while Zot is near? [Y]es or [N]o only, please.
Really rest while Zot is near? [Y]es or [N]o only, please.
Really rest while Zot is near? [Y]es or [N]o only, please.
Really rest while Zot is near? [Y]es or [N]o only, please.
Really rest while Zot is near? [Y]es or [N]o only, please.
Really rest while Zot is near? [Y]es or [N]o only, please.
Really rest while Zot is near? [Y]es or [N]o only, please.
Really rest while Zot is near? [Y]es or [N]o only, please.
Really rest while Zot is near? [Y]es or [N]o only, please.
Really rest while Zot is near? [Y]es or [N]o only, please.
Really rest while Zot is near? [Y]es or [N]o only, please.
Really rest while Zot is near? [Y]es or [N]o only, please.
Really rest while Zot is near? [Y]es or [N]o only, please.
Really rest while Zot is near?
Uppercase [Y]es or [N]o only, please.
Really rest while Zot is near?
Uppercase [Y]es or [N]o only, please.
Really rest while Zot is near?
Uppercase [Y]es or [N]o only, please.
Really rest while Zot is near?
You start waiting.
Are you sure you want to abandon this character and quit the game? (Confirm with "yes".)

#+###.# ##?##~~.~~##.##
#.##b..P..~##.#
#.#~.P.8.P.~#.#
##.#~...♣bb.~#.##
###..+.P..)..P.+..#
.....#~...♣...~#..#
...#.#~.P.8.P.~#@.#
#....##~..P..~##..####
>.....##~~.~~##......#
.......###+###....##.#
...####.....(.######.....#
..## ###...### #####.# ###
#...# #######.....#
............#


There were no monsters in sight!

Vanquished Creatures
  An endoplasm (D:1)
  2 goblins (D:1)
3 creatures vanquished.

Notes
Turn   | Place    | Note
-------+----------+-------------------------------------------
     0 | D:1      | Parcival the Minotaur Fighter began the quest for the Orb.
     0 | D:1      | Reached XP level 1. HP: 19/19 MP: 0/0
    19 | D:1      | Identified a scroll of acquirement
    19 | D:1      | Acquired a +1 vampiric broad axe
    44 | D:1      | HP: 1/20 [goblin/+0 club (2)]
  5000 | D:1      | Glimpsed the power of Zot.
  5500 | D:1      | Glimpsed the power of Zot.
  5900 | D:1      | Glimpsed the power of Zot.
  6000 | D:1      | Touched by the power of Zot.
  6001 | D:1      | Glimpsed the power of Zot.
  6213 | D:1      | Quit the game

Illustrated notes

Levels and vault maps discovered:
D:1:      amcnicky_arrival_single_pillar, layout_loops_cross,
          hangedman_glass_garden

Action                     || total
---------------------------++-------
    Use: Scroll            ||     1
 Armour: Scale mail        ||    28
  Dodge: Dodged            ||    21
  Block: Buckler           ||     9

Table legend: (Time is in decaauts)
 A = Elapsed time spent in this place.
 B = Non-inter-level travel time spent in this place.
 C = Inter-level travel time spent in this place.
 D = Time resting spent in this place.
 E = Time spent auto-exploring this place.
 F = Levels seen in this place.
 G = Mean time per level.
                   A        B        C        D        E       F      G
               +--------+--------+--------+--------+--------+-----+--------+
         Total |   6212 |   6186 |     26 |   5211 |      6 |   1 | 6212.0 |
       Dungeon |   6212 |   6186 |     26 |   5211 |      6 |   1 | 6212.0 |
               +--------+--------+--------+--------+--------+-----+--------+

Top non-repeatable levels by time:
     D:1: 6212 daAuts
